AoeStats
← Sara

Arabia

507334920Analyzed
3v3 RM · 14d ago on Sep 17, 2026· 49m 32s· 6 players
Game mode
Random Map
Map size
Normal (6 player)
Population
200
Speed
Normal
Resources
Standard
Victory
Conquest
Starting age
Dark Age
Ending age
Imperial Age
RankedLock teamsTeams togetherTeam positionsShared explorationLock speedFull tech treeHidden civsTurbo modeCheats
Victory
Defeat
🇪🇸 Jurchens · Spain
633
+12
🇵🇹 Persians · Portugal
627
+12
🇮🇳 Turks · India
534
+16
🇫🇷 Mongols · France
562
-14
🇪🇸 Franks · Spain
547
-14
🇹🇷 Persians · Türkiye
513
-12
armand.clement.1234
0:30 Loom
9:34 Feudal Age
11:32 Double-Bit Axe
12:14 Gold Mining
14:07 Wheelbarrow
15:28 Horse Collar
25:27 Castle Age
24:10 Fletching
25:13 Stone Mining
26:47 Stone Shaft Mining
29:33 Hand Cart
32:46 Bodkin Arrow
34:44 Bow Saw
39:08 Ballistics
44:57 Murder Holes
49:47 Nomads
...13.0.R.@...
0:30 Loom
8:24 Feudal Age
13:59 Double-Bit Axe
14:53 Wheelbarrow
20:08 Horse Collar
24:42 Castle Age
23:37 Stone Mining
24:03 Gold Mining
27:46 Arson
28:03 Squires
27:24 Pikeman
29:47 Bow Saw
32:07 Heavy Plow
32:44 Stone Shaft Mining
32:33 Hand Cart
32:37 Caravan
34:48 Crossbowman
36:44 Fervor
37:11 Padded Archer Armor
37:22 Forging
37:03 Fletching
39:56 Husbandry
39:36 Elite Skirmisher
41:31 Kamandaran
42:41 Thumb Ring
46:53 Imperial Age
44:43 Leather Archer Armor
44:28 Scale Mail Armor
45:04 Iron Casting
44:24 Bodkin Arrow
A
2:33 Loom
11:57 Feudal Age
12:31 Double-Bit Axe
13:53 Man-at-Arms
15:47 Gold Mining
17:22 Stone Mining
19:39 Forging
19:31 Scale Mail Armor
21:11 Scale Barding Armor
24:54 Castle Age
23:26 Fletching
26:01 Husbandry
26:33 Padded Archer Armor
25:56 Elite Skirmisher
28:21 Chain Barding Armor
29:32 Bow Saw
30:39 Leather Archer Armor
30:20 Light Cavalry
33:06 Wheelbarrow
34:15 Chain Mail Armor
35:08 Ballistics
34:59 Fortified Wall
35:53 Hand Cart
37:36 Iron Casting
39:10 Pikeman
41:22 #83
41:57 Masonry
42:40 Gold Shaft Mining
47:37 Imperial Age
46:00 Bodkin Arrow
46:59 Squires
46:45 Gambesons
46:21 Long Swordsman
Sara
12:04 Feudal Age
12:58 Horse Collar
13:56 Wheelbarrow
13:31 Double-Bit Axe
19:35 Arson
21:46 Gold Mining
24:53 Castle Age
24:10 Stone Mining
26:18 Scale Barding Armor
26:13 Scale Mail Armor
26:14 Padded Archer Armor
26:04 Fletching
26:25 Forging
25:39 Light Cavalry
26:29 Bloodlines
26:20 Husbandry
25:42 Crossbowman
25:47 Elite Skirmisher
26:46 Squires
26:08 Pikeman
29:03 Stone Shaft Mining
30:27 Caravan
37:00 Imperial Age
34:50 Hand Cart
35:10 Man-at-Arms
35:36 Gambesons
36:14 Chain Barding Armor
36:10 Chain Mail Armor
36:10 Leather Archer Armor
35:50 Bodkin Arrow
36:34 Heavy Plow
36:46 Bow Saw
37:12 Heavy Rocket Cart
37:13 Capped Ram
40:08 Fortified Wall
39:39 Treadmill Crane
40:22 Ballistics
39:53 Guard Tower
40:55 Crop Rotation
41:55 Two-Man Saw
41:41 Elite Fire Lancer
44:25 Gold Shaft Mining
44:50 Conscription
44:31 Fortified Bastions
45:11 Iron Casting
45:51 Town Watch
45:52 Loom
47:34 Chemistry
47:10 Keep
46:48 Masonry
46:44 Siege Engineers
47:43 Blast Furnace
47:06 Elite Steppe Lancer
47:40 Elite Iron Pagoda
48:52 Town Patrol
49:33 Thunderclap Bombs
Fakir
7:16 Loom
11:17 Feudal Age
12:32 Double-Bit Axe
12:36 Horse Collar
12:24 Man-at-Arms
17:32 Bloodlines
19:57 Forging
19:53 Scale Barding Armor
24:14 Castle Age
25:28 Bow Saw
25:43 Pikeman
26:25 Squires
27:05 Iron Casting
26:51 Chain Barding Armor
28:59 Heavy Plow
33:15 Scale Mail Armor
39:42 Husbandry
41:59 Wheelbarrow
45:19 Imperial Age
43:19 Gold Mining
44:34 Guard Tower
46:22 Heavy Camel Rider
50:45 Blast Furnace
50:23 Plate Barding Armor
s1R1Us
11:06 Feudal Age
12:07 Double-Bit Axe
17:02 Horse Collar
17:34 Stone Mining
21:26 Castle Age
19:35 Gold Mining
22:47 Bow Saw
22:40 Heavy Plow
28:03 Gold Shaft Mining
31:16 Imperial Age
33:13 Conscription
34:20 Fletching
34:30 Padded Archer Armor
35:49 Bodkin Arrow
36:10 Leather Archer Armor
36:21 Ballistics
37:35 Two-Man Saw
37:01 Artillery
44:14 Bracer
44:45 Ring Archer Armor
Connection lost

Rejoining the realm…

Still unreachable

The connection could not be restored.

Session expired

The server has moved on; the page needs a fresh start.